 Dungeon Crawl Stone Soup version 0.14-a0-2592-g262d02f (webtiles) character file.

299 Numot the Poker (level 5, -2/40 HPs)
             Began as a Merfolk Gladiator on Dec 14, 2013.
             Slain by a black bear (12 damage)
             ... on Level 4 of the Dungeon on May 14, 2015.
             The game lasted 00:18:11 (2987 turns).

Numot the Poker (Merfolk Gladiator)                 Turns: 2987, Time: 00:18:11

HP  -2/40        AC  6     Str 16      XL: 5   Next: 43%
MP  14/14        EV 14     Int  7      God:
Gold 137         SH  0     Dex 15      Spells:  1 memorised,  2 levels left

rFire  . . .     SeeInvis .     a - +1,+0 trident
rCold  . . .     Clarity  .     l - +1 leather armour
rNeg   . . .     Conserve .     (no shield)
rPois  .         rCorr    .     c - +0 helmet
rElec  .         rRot     .     (no cloak)
SustAb . .       Spirit   .     r - +0 pair of gloves
rMut   .         Warding  .     (no boots)
Saprov . . .     Stasis   .     (no amulet)
MR     .....                    (no ring)
                                k - ring of magical power

@: not resistant to hostile enchantments, fairly stealthy
A: change form in water, swift swim
a: no special abilities


You were on level 4 of the Dungeon.
You were hungry.

You visited 1 branch of the dungeon, and saw 4 of its levels.

You collected 137 gold pieces.

Inventory:

Hand weapons
 a - a +1,+0 trident (weapon)
Missiles
 u - 2 throwing nets (quivered)
Armour
 c - a +0 helmet (worn)
 l - a +1 leather armour (worn)
 r - a +0 pair of gloves (worn)
Magical devices
 d - a wand of confusion (10)
 f - a wand of confusion (0)
Comestibles
 b - a banana
 g - a snozzcumber
 h - 2 apples
 o - 2 meat rations
 s - a bread ration
Scrolls
 e - 5 scrolls of teleportation
 j - a scroll of curse jewellery {unknown}
 m - a scroll of amnesia
 n - 2 scrolls of remove curse
 q - 3 scrolls of recharging {unknown}
Jewellery
 k - a ring of magical power (left hand)
Potions
 i - 2 potions of agility
 t - a potion of curing
 v - 2 potions of berserk rage {unknown}
Books
 p - a book of Ice

   Spells                             Type                      Level
   *Freezing Aura                     Charms/Ice                   2
   Ensorcelled Hibernation            Hexes/Ice                    2
   Ozocubu's Refrigeration            Ice                          6
   Bolt of Cold                       Conjuration/Ice              6
   Freezing Cloud                     Conjuration/Ice/Air          6
   Metabolic Englaciation             Hexes/Ice                    6
   Simulacrum                         Ice/Necromancy               6


   Skills:
 * Level 2.8 Fighting
 + Level 5.8 Polearms
 - Level 2.3 Throwing
 - Level 0.1 Armour
 + Level 5.6 Dodging
 * Level 2.3 Stealth


You had 2 spell levels left.
You knew the following spells:

 Your Spells              Type           Power        Failure   Level  Hunger
a - Freezing Aura         Chrm/Ice       #.........   73%         2    ###....


Dungeon Overview and Level Annotations

Branches:
Dungeon (4/16)
 Temple: D:4-7

Altars:


Message History

The black bear completely misses you.
You hit the black bear but do no damage.
The black bear is heavily wounded.
The black bear bites you.
* * * LOW HITPOINT WARNING * * *
The black bear claws you.
* * * LOW HITPOINT WARNING * * *
The black bear claws you but does no damage.
You puncture the black bear!
The black bear is severely wounded.
The black bear barely misses you. The black bear completely misses you.
The black bear claws you.
* * * LOW HITPOINT WARNING * * *
You closely miss the black bear.
The black bear is severely wounded.
The black bear goes berserk!
You hit the black bear.
The black bear is almost dead.
The black bear bites you!
You die...

###
######..%##
###...@U..%.#
##....##.....#
##..####
##..## ###.###
## #..## #.##
#.# #.# #.#


You could see a black bear (berserk).

Vanquished Creatures
  Terence (D:2)
  6 adders
  2 worms
  2 giant geckos (D:1)
  2 oozes
  An orc (D:3)
  7 goblins
  13 hobgoblins
  2 quokkas
  2 ball pythons
  12 bats
  4 giant newts
  8 jackals
  8 kobolds
  A kobold skeleton (D:4)
  12 rats
  A plant (D:2)
84 creatures vanquished.

Notes
Turn   | Place    | Note
--------------------------------------------------------------
     0 | D:1      | Numot, the Merfolk Gladiator, began the quest for the Orb.
     0 | D:1      | Reached XP level 1. HP: 16/16 MP: 1/1
   143 | D:1      | Reached XP level 2. HP: 22/22 MP: 2/2
   398 | D:1      | Reached skill level 5 in Polearms
   472 | D:1      | Reached XP level 3. HP: 27/27 MP: 3/3
   854 | D:1      | Upgraded the game from 0.14-a0-1474-g1105da3 to 0.14-a0-1876-g927fc3a
   906 | D:2      | Reached skill level 1 in Stealth
  1051 | D:2      | Noticed Terence
  1056 | D:2      | Learned a level 2 spell: Freezing Aura
  1111 | D:2      | Killed Terence
  1111 | D:2      | Reached XP level 4. HP: 24/34 MP: 4/4
  1838 | D:2      | Upgraded the game from 0.14-a0-1876-g927fc3a to 0.14-a0-2592-g262d02f
  1920 | D:2      | Reached skill level 5 in Dodging
  2218 | D:3      | Reached XP level 5. HP: 39/39 MP: 5/5
  2968 | D:4      | Noticed a black bear
  2987 | D:4      | Slain by a black bear

Action                   |  1- 3 |  4- 6 || total
-------------------------+-------+-------++-------
Melee: Trident           |   143 |   204 ||   347
Throw: Throwing net      |    25 |       ||    25
  Use: Potion            |     1 |     5 ||     6
       Scroll            |       |     6 ||     6
 Stab: Held in net/web   |     2 |       ||     2
       Sleeping          |       |     8 ||     8
